 Dungeon Crawl Stone Soup version 0.32-a0-799-g95e1662365 (webtiles) character file.

Game seed: 7227687743617185643

185 smashvw the Changeling (level 5, -3/37 HPs)
             Began as a Merfolk Shapeshifter on Mar 21, 2024.
             Splashed by a jelly's acid (9 damage)
             ... on level 3 of the Dungeon.
             The game lasted 00:05:38 (2122 turns).

smashvw the Changeling (Merfolk Shapeshifter)       Turns: 2122, Time: 00:05:38

Health: -3/37      AC:  8    Str: 14    XL:     5   Next: 64%
Magic:  5/5        EV:  6    Int: 10    God:
Gold:   130        SH:  0    Dex: 15    Spells: 4/4 levels left

rFire   . . .        f - +0 spear
rCold   . . .        (no shield)
rNeg    . . .        i - +0 chain mail
rPois   .            (helmet currently unavailable)
rElec   .            (cloak currently unavailable)
rCorr   .            (gloves currently unavailable)
SInv    .            (boots currently unavailable)
Will    .....        (no amulet) Stlth
                     m - ring of flight
HPRegen 0.26/turn    (no ring)
MPRegen 0.09/turn

%: no passive effects
@: beast-form, flying
A: beast (slay +3), (nimble swimmer 2), mertail
a: Begin Untransformation


You were on level 3 of the Dungeon.
You were a hulking beast.
You visited 1 branch of the dungeon, and saw 3 of its levels.

You collected 130 gold pieces.

Inventory:

Hand Weapons
 f - a +0 spear (weapon)
Armour
 i - a +0 chain mail (worn)
 k - a +0 pair of gloves
 n - a +2 cloak
Jewellery
 m - a ring of flight (left hand)
Talismans
 c - a beast talisman (active)
 d - a flux talisman
Scrolls
 g - a scroll of enchant armour {unknown}
 h - 2 scrolls of identify {unknown}
Potions
 a - a potion of resistance {unknown}
 b - a potion of lignification
 e - a potion of might {unknown}
 j - a potion of heal wounds {unknown}
 l - a potion of enlightenment {unknown}


   Skills:
 - Level 1.1 Fighting
 + Level 3.7 Polearms
 - Level 2.6 Dodging
 - Level 3.2 Unarmed Combat
 * Level 6.6 Shapeshifting


You had 4 spell levels left.
You didn't know any spells.
Your spell library was empty.

Dungeon Overview and Level Annotations

Branches:
Dungeon (3/15)

Altars:


Innate Abilities, Weirdness & Mutations

You are a hulking beast.
Your limbs bulge with bestial killing power. (Slay +3)
((You are very nimble when in or above water. (Stealth+, EV+, Speed+++)))
Your lower body shifts to a powerful aquatic tail in water.


Message History

The endoplasm freezes you.
You are frozen.
* * * LOW HITPOINT WARNING * * *
You hit the endoplasm.
You kill the endoplasm!
An endoplasm is nearby!
The endoplasm quivers.
You hit the endoplasm.
The endoplasm is almost dead.
The endoplasm freezes you.
You are frozen.
* * * LOW HITPOINT WARNING * * *
You hit the endoplasm but do no damage.
The endoplasm is almost dead.
The endoplasm hits you but does no damage.
You hit the endoplasm.
You kill the endoplasm!
A jelly is nearby!
Reach: f) +0 spear
Press: ? - help, Dir - move target, f - jelly
Aim: a jelly (wandering, hasn't noticed you, about 9% to evade your +0 spear)
You reach to attack!
You barely miss the jelly.
The jelly quivers.
The jelly jiggles.
Reach: f) +0 spear
Press: ? - help, Dir - move target, f/p - jelly
Aim: a jelly (about 9% to evade your +0 spear)
You hit the jelly.
Your hands burn!
* * * LOW HITPOINT WARNING * * *
The jelly is moderately wounded.
The jelly hits you but does no damage.
Reach: f) +0 spear
Press: ? - help, Dir - move target, f/p - jelly
Aim: a jelly (moderately wounded, about 9% to evade your +0 spear)
You hit the jelly.
Your hands burn!
* * * LOW HITPOINT WARNING * * *
The jelly is severely wounded.
The jelly hits you.
* * * LOW HITPOINT WARNING * * *
You are splashed with acid!
You die...

###.####....#
##.....##
.........##.#
#.......#
.##.#.....#.#
#.......#
.##.#.....#.#
#.......#
.##.#.....#.#
#.......#
.##.#.....#.#
#....####
.##.#.....#.#
#÷...'..##
.##.........#
########.#
.####.....###
##h.)...## .#
#.....#
#J####### ##
#.....#
#...J÷JJJ.
#.....#
#..JP.PJ..
#.....#
#.....P.P.
#.....#
#.P.P.PJ..
#.....#
#.....J÷..
#######
#÷.......÷
##########


You could see a jelly.

Vanquished Creatures
  2 jellies (D:3)
  Terence (D:2)
  Robin (D:2)
  A gnoll (D:1)
  A dart slug (D:2)
  4 ribbon worms
  8 endoplasms
  A giant cockroach (D:3)
  12 goblins
  4 hobgoblins
  3 jackals (D:2)
  3 quokkas
  A ball python (D:2)
  3 bats (D:1)
  4 frilled lizards
  12 kobolds
  5 rats
66 creatures vanquished.

Notes
Turn   | Place    | Note
-------+----------+-------------------------------------------
     0 | D:1      | smashvw the Merfolk Shapeshifter began the quest for the
                  | Orb.
     0 | D:1      | Reached XP level 1. HP: 15/15 MP: 1/1
    71 | D:1      | Found a faded altar of an unknown god.
   131 | D:1      | Reached skill level 1 in Polearms
   131 | D:1      | Reached XP level 2. HP: 6/21 MP: 2/2
   513 | D:1      | Reached XP level 3. HP: 20/26 MP: 3/3
  1053 | D:2      | Reached skill level 5 in Shapeshifting
  1300 | D:2      | Noticed Terence
  1320 | D:2      | Killed Terence
  1321 | D:2      | Reached XP level 4. HP: 7/32 MP: 4/4
  1533 | D:2      | Noticed Robin
  1541 | D:2      | Killed Robin
  1992 | D:3      | Reached skill level 6 in Shapeshifting
  2012 | D:3      | Reached XP level 5. HP: 37/37 MP: 5/5
  2122 | D:3      | Splashed by a jelly's acid

Illustrated notes

Levels and vault maps discovered:
D:1:      heliophobic_arrival_battle_scene, layout_basic,
          chequers_ecumenical_altar_grove
D:2:      layout_loops_cross, uniq_robin, uniq_terence
D:3:      cheibrodos_fertilizer, layout_basic, mainiacjoe_overflow_chevrons

Skill      XL: |  1  2  3  4 |
---------------+-------------+-----
Polearms       | 1 2 3 |  3.7
Shapeshifting  | 5 6 |  6.6
Fighting       | |  1.1
Dodging        | |  2.6
Unarmed Combat | |  3.2

Action                     |  1- 3 |  4- 6 || total
---------------------------+-------+-------++-------
  Melee: Unarmed           |    10 |       ||    10
         Spear             |    87 |   115 ||   202
         Punch             |     1 |       ||     1
 Armour: Animal skin       |    24 |       ||    24
         Chain mail        |    28 |    64 ||    92
  Dodge: Dodged            |    31 |    23 ||    54

Table legend: (Time is in decaauts)
 A = Elapsed time spent in this place.
 B = Non-inter-level travel time spent in this place.
 C = Inter-level travel time spent in this place.
 D = Time resting spent in this place.
 E = Time spent auto-exploring this place.
 F = Levels seen in this place.
 G = Mean time per level.
                   A        B        C        D        E       F      G
               +--------+--------+--------+--------+--------+-----+--------+
         Total |   2116 |   2105 |     11 |      0 |   1703 |   3 |  705.3 |
       Dungeon |   2116 |   2105 |     11 |      0 |   1703 |   3 |  705.3 |
               +--------+--------+--------+--------+--------+-----+--------+

Top non-repeatable levels by time:
     D:1: 1009 daAuts
     D:2: 850 daAuts
     D:3: 255 daAuts
